 Dungeon Crawl Stone Soup version 0.31-a0-152-g6aa68a64a1 (webtiles) character file.

Game seed: 9545794839551841364

61 qw the Shooter (level 3, -4/31 HPs)
             Began as a Minotaur Hunter on June 10, 2023.
             Slain by a gnoll
             ... wielding a +0 club
              (7 damage)
             ... on level 2 of the Dungeon.
             The game lasted 00:00:18 (832 turns).

qw the Shooter (Minotaur Hunter)                     Turns: 832, Time: 00:00:19

Health: -4/31      AC:  3    Str: 15    XL:     3   Next: 83%
Magic:  2/2        EV: 12    Int:  6    God:
Gold:   31         SH:  0    Dex: 15    Spells: 2/2 levels left

rFire   . . .        Y - +0 shortbow
rCold   . . .        (shield currently unavailable)
rNeg    . . .        c - +0 leather armour
rPois   .            (helmet restricted)
rElec   .            (no cloak)
rCorr   .            (no gloves)
SInv    .            (no boots)
Will    .....        (no amulet)
Stlth   +            (no ring)
HPRegen 0.25/turn    (no ring)
MPRegen 0.08/turn

%: no passive effects
@: no status effects
A: horns 2, retaliatory headbutt
a: no special abilities


You were on level 2 of the Dungeon.
You visited 1 branch of the dungeon, and saw 2 of its levels.

You collected 31 gold pieces.


Innate Abilities, Weirdness & Mutations

You have a pair of horns on your head.
You reflexively headbutt those who attack you in melee.


   Skills:
 - Level 3.0 Fighting
 + Level 5.8 Ranged Weapons
 - Level 2.1 Dodging
 - Level 0.7 Stealth


You had 2 spell levels left.
You didn't know any spells.
Your spell library was empty.

Inventory:

Hand Weapons
 Y - a +0 shortbow (weapon)
Armour
 c - a +0 leather armour (worn)
Scrolls
 a - a scroll of teleportation {unknown}
Potions
 g - a potion of heal wounds {unknown}

Dungeon Overview and Level Annotations

Branches:
Dungeon (2/15)

Altars:


Message History

The gnoll is almost dead.
The gnoll hits you but does no damage.
You shoot an arrow. The arrow hits the gnoll.
You kill the gnoll!
You shoot an arrow.
The arrow hits the kobold but does no damage.
The kobold misses you.
You shoot an arrow. The arrow barely misses the kobold.
The arrow hits the gnoll.
The gnoll is moderately wounded.
The kobold misses you.
You shoot an arrow. The arrow hits the kobold!
You kill the kobold!
You shoot an arrow. The arrow hits the gnoll.
The gnoll is moderately wounded.
The gnoll hits you but does no damage.
You shoot an arrow. The arrow completely misses the gnoll.
The gnoll hits you with a +0 club.
You shoot an arrow. The arrow hits the gnoll.
The gnoll is heavily wounded.
The gnoll hits you with a +0 club. x2; The gnoll hits you with a +0 whip.
You shoot an arrow.
The arrow hits the gnoll but does no damage.
The gnoll is heavily wounded.
The gnoll closely misses you. The gnoll misses you. You furiously retaliate!
You headbutt the gnoll! The gnoll barely misses you. You furiously retaliate!
You headbutt the gnoll!
You kill the gnoll!
You shoot an arrow. The arrow hits the gnoll!
You kill the gnoll!
The gnoll hits you with a +0 club!
You shoot an arrow. The arrow hits the gnoll.
The gnoll is heavily wounded.
The gnoll closely misses you.
You shoot an arrow. The arrow closely misses the gnoll.
The gnoll hits you with a +0 club.
You shoot an arrow. The arrow hits the gnoll.
The gnoll is heavily wounded.
The gnoll hits you with a +0 club. The gnoll hits you with a +0 club!
You die...

...#.....#
#..#.....#### ##
........+..# ..
........##.# #.#
........#.# ..#
....##.#.#...#
#..##..g#...#
######..###.@)...#
#........<..)#)..#
#.####.......# ..#
#.# #.......# ...
#####.####.......#
#%.
.....%..............
.
#####%##.......#.##..
#.##.####...... #
#####.##. #.##..#.


You could see a gnoll.

Vanquished Creatures
  3 gnolls (D:2)
  2 dart slugs (D:1)
  4 ball pythons (D:1)
  A bat (D:2)
  2 endoplasms (D:1)
  A goblin (D:1)
  2 hobgoblins (D:1)
  4 jackals (D:2)
  2 quokkas (D:1)
  A frilled lizard (D:1)
  4 kobolds
  A rat (D:2)
27 creatures vanquished.

Notes
Turn   | Place    | Note
-------+----------+-------------------------------------------
     0 | D:1      | qw the Minotaur Hunter began the quest for the Orb.
     0 | D:1      | Reached XP level 1. HP: 18/18 MP: 0/0
     0 | D:1      | 0 ||| qw: Version: 0.2-a-122-gbc61b45
     0 | D:1      | 0 ||| qw: Game counter: 3661
     0 | D:1      | 0 ||| qw: Always use a shield: true
     0 | D:1      | 0 ||| qw: God list: Okawaru
     0 | D:1      | 0 ||| qw: Allow faded altars: false
     0 | D:1      | 0 ||| qw: Do Orc after D:15 true
     0 | D:1      | 0 ||| qw: Do second Lair branch before Depths: true
     0 | D:1      | 0 ||| qw: Lair rune preference: random
     0 | D:1      | 0 ||| qw: Plans: Normal
     0 | D:1      | 0 ||| PLANNING D:1-11
   164 | D:1      | Reached skill level 5 in Ranged Weapons
   164 | D:1      | Reached XP level 2. HP: 25/25 MP: 1/1
   372 | D:1      | Reached skill level 3 in Fighting
   675 | D:1      | 675 ||| DROPPING ring of magical power.
   676 | D:1      | 676 ||| READING scroll labelled QUOBOC CEJUBB.
   677 | D:1      | 677 ||| READING scroll labelled UXKEDW BARPHA.
   678 | D:1      | 678 ||| DROPPING scroll of butterflies.
   791 | D:2      | Reached XP level 3. HP: 31/31 MP: 2/2
   831 | D:2      | HP: 6/31 [gnoll/+0 club (5)]
   832 | D:2      | Slain by a gnoll

Levels and vault maps discovered:
D:1:      kennysheep_arrival_seaside, layout_loops_ring, serial_glass,
          glass_columns_b, glass_columns_a
D:2:      layout_basic, basic_altar, uniq_crazy_yiuf_cottage, uniq_terence,
          uniq_natasha

Skill      XL: |  1  2 |
---------------+-------+-----
Ranged Weapons | 5 |  5.8
Fighting       | 3 |  3.0
Dodging        | |  2.1
Stealth        | |  0.7

Action                     || total
---------------------------++-------
   Fire: Shortbow          ||    82
    Use: Scroll            ||     2
 Armour: Leather armour    ||     7
  Dodge: Dodged            ||    23

Table legend:
 A = Non-vault XP
 B = Vault XP
 C = Vault XP percentage of total XP
 D = Non-vault monster count
 E = Vault monster count
 F = Vault count percentage of total count
                 A         B        C        D         E       F
            +---------+---------+-------+---------+---------+-------
      Total |      88 |       0 |   0.0 |      27 |       0 |   0.0
            +---------+---------+-------+---------+---------+-------
        D:1 |      33 |       0 |   0.0 |      17 |       0 |   0.0
        D:2 |      55 |       0 |   0.0 |      10 |       0 |   0.0
            +---------+---------+-------+---------+---------+-------
